 Seeded DCSS version 0.30-a0-1066-g63dfefce0d (webtiles) character file.

Game seed: 5145654703055823224 (custom seed)

814 GigaChad the Conjurer (level 7, 0/54 HPs)
             Began as a Deep Elf Conjurer on Apr 12, 2023.
             Was a Follower of Sif Muna.
             Slain by a bullfrog (2 damage)
             ... on level 6 of the Dungeon.
             The game lasted 00:11:13 (5832 turns).

GigaChad the Conjurer (Deep Elf Conjurer)           Turns: 5832, Time: 00:11:13

Health: 0/54       AC: 23    Str:  4    XL:     7   Next: 62%
Magic:  14/18      EV:  2    Int: 25    God:    Sif Muna [*.....]
Gold:   323        SH:  0    Dex: 13    Spells: 8/18 levels left

rFire   . . .      SeeInvis .    e - staff of conjuration
rCold   . . .      Faith    .    (no shield)
rNeg    . . .      Spirit   .    p - melded +2 robe of Ivoc {rF- rN+ MP+9}
rPois   +          Reflect  .    (helmet currently unavailable)
rElec   .          Rampage  .    (cloak currently unavailable)
rCorr   .          NoTele   +    (gloves currently unavailable)
Will    .....                    (boots currently unavailable)
Stlth   +++                      (no amulet)
HPRegen 0.29/turn                (no ring)
MPRegen 0.16/turn                (no ring)

@: tree-form, very slightly contaminated
A: stationary, stasis, torment immunity, boosted hp
a: Renounce Religion, Channel Magic


You were on level 6 of the Dungeon.
You worshipped Sif Muna.
Sif Muna was aware of your devotion.
You were a tree.
You visited 2 branches of the dungeon, and saw 7 of its levels.

You collected 323 gold pieces.

Inventory:

Hand Weapons
 d - a +1 dagger
 n - the +1 dagger "Lups" {chaos, Fly Will+ Dex+3}
   (You found it on level 3 of the Dungeon)

   Dex:       It affects your dexterity (+3).
   Fly:       It grants you flight.
   Will:      It increases your willpower.
Armour
 a - a +0 robe
 p - the +2 robe of Ivoc (melded) {rF- rN+ MP+9}
   (You found it on level 4 of the Dungeon)

   rF:        It makes you vulnerable to fire.
   rN:        It protects you from negative energy.
   MP:        It affects your magic capacity (+9).
Magical Staves
 e - a staff of conjuration (weapon)
Scrolls
 c - 5 scrolls of immolation
 g - 4 scrolls of teleportation
 h - a scroll of enchant weapon
 i - 3 scrolls of noise
 o - a scroll of silence
 t - a scroll of enchant armour {unknown}
Potions
 b - a potion of magic
 f - a potion of heal wounds {unknown}
 j - a potion of curing
 l - a potion of attraction
 m - a potion of brilliance {unknown}
 q - a potion of resistance {unknown}
 r - a potion of ambrosia {unknown}
 s - 2 potions of might {unknown}


   Skills:
 + Level 2.7 Dodging
 + Level 4.2 Stealth
 + Level 6.4 Spellcasting
 + Level 7.6 Conjurations
 * Level 3.0 Hexes
 * Level 2.0 Invocations
 * Level 1.5 Evocations


You had 8 spell levels left.
You knew the following spells:

 Your Spells              Type           Power      Damage    Failure   Level
a - Magic Dart            Conj           100%       1d8       1%          1
b - Searing Ray           Conj           100%       2d8       1%          2
c - Dazzling Flash        Conj/Hex       100%       N/A       2%          3
d - Fulminant Prism       Conj/Hex       25%        3d14      8%          4

Your spell library contained the following spells:

 Spells                   Type           Power      Damage    Failure   Level
 Iskenderun's Mystic Bla  Conj/Tloc      40%        2d9       14%         4


Dungeon Overview and Level Annotations

Branches:
Dungeon (6/15)             Temple (1/1) D:4

Altars:
Dithmenos
Elyvilon
Hepliaklqana
Makhleb
Nemelex Xobeh
Okawaru
Qazlal
Sif Muna
Vehumet
Wu Jian
Xom
Yredelemnul
Zin

Annotations:
D:4 3 runed translucent doors, Gardakan's ghost, novice FoCA


Message History

You start resting.
HP restored.
You start waiting.
An iguana comes into view.
A bullfrog comes into view.
Found 18 gold pieces.
You feel a surge of power!
The magic dart hits the iguana.
The iguana is moderately wounded.
The iguana hisses angrily.
You feel a surge of power!
The magic dart hits the iguana.
The iguana is severely wounded.
The bullfrog croaks.
You feel a surge of power!
The magic dart hits the iguana.
The iguana is almost dead.
You feel a surge of power!
You miscast Magic Dart.
You are very lightly contaminated with residual magic.
Nothing appears to happen.
You feel a surge of power!
The magic dart hits the bullfrog!
The bullfrog is moderately wounded.
The bullfrog hits you. The bullfrog hits you!
You feel a surge of power!
The magic dart hits the iguana.
The iguana is almost dead.
The bullfrog closely misses you. The iguana bites you!
You are too injured to fight recklessly!
You are too injured to fight recklessly!
You are too injured to fight recklessly!
The bullfrog hits you. The iguana bites you. The bullfrog hits you.
* * * LOW HITPOINT WARNING * * *
You hit the iguana but do no damage.
You blast the iguana.
You kill the iguana!
Sif Muna accepts your kill. The bullfrog barely misses you. x2
The bullfrog hits you.
* * * LOW HITPOINT WARNING * * *
You see here an iguana corpse.
It was a potion of lignification.
You turn into a tree.
The +2 robe of Ivoc {rF- rN+ MP+9} melds into your body.
You feel your magic capacity decrease.
Your roots penetrate the ground.
The bullfrog hits you.
You die...

#.#.........#.#
.#.#.#...#...#.#
...............
.$...#.......#
...........(.#
.............#
#....?......#####
#.....♣......<..
#.####.F....####
#:..†.##
#######..#
.........######...
###...............
....###.#######...
.#######.#
.........#


You could see a bullfrog.

Vanquished Creatures
  2 ogres
  A bullfrog (D:6)
  A scorpion (D:5)
  A howler monkey (D:5)
  2 jellies
  3 hounds
  4 iguanas
  An orc wizard (D:5)
  3 gnolls (D:4)
  11 adders
  2 dart slugs
  2 orcs (D:5)
  9 endoplasms
  5 giant cockroaches
  10 goblins
  5 hobgoblins
  2 jackals (D:1)
  3 quokkas
  7 ball pythons
  2 bats
  10 kobolds
  7 rats
93 creatures vanquished.

Notes
Turn   | Place    | Note
-------+----------+-------------------------------------------
     0 | D:1      | GigaChad the Deep Elf Conjurer began the quest for the Orb.
     0 | D:1      | Reached XP level 1. HP: 10/10 MP: 6/6
   245 | D:1      | Found a faded altar of an unknown god.
   248 | D:1      | Reached XP level 2. HP: 15/15 MP: 5/8
   378 | D:1      | Reached skill level 5 in Conjurations
   560 | D:1      | Learned a level 2 spell: Searing Ray
   811 | D:1      | Reached XP level 3. HP: 19/19 MP: 6/9
  1122 | D:1      | Identified a scroll of acquirement
  1123 | D:1      | Acquired a staff of conjuration
  1533 | D:2      | Found a glowing silver altar of Zin.
  1608 | D:2      | Reached XP level 4. HP: 24/24 MP: 5/11
  2050 | D:3      | Found a sparkling altar of Nemelex Xobeh.
  2385 | D:3      | Identified the +1 dagger "Lups" {chaos, Fly Will+ Dex+3}
  2564 | D:3      | Found a shimmering blue altar of Sif Muna.
  2729 | D:3      | Became a worshipper of Sif Muna the Loreminder
  2818 | D:4      | Reached skill level 6 in Conjurations
  2818 | D:4      | Reached XP level 5. HP: 25/28 MP: 10/13
  2949 | D:4      | Identified the +2 robe of Ivoc {rF- rN+ MP+9}
  2962 | D:4      | Found a staircase to the Ecumenical Temple.
  2989 | Temple   | Entered the Ecumenical Temple
  3294 | D:4      | Noticed an ogre
  3302 | D:4      | Killed an ogre
  3357 | D:4      | Learned a level 3 spell: Dazzling Flash
  3369 | D:4      | Learned a level 4 spell: Fulminant Prism
  3382 | D:4      | Reached XP level 6. HP: 32/32 MP: 15/15
  3419 | D:4      | Reached skill level 5 in Spellcasting
  3471 | D:4      | Found an iron altar of Okawaru.
  3641 | D:4      | Reached skill level 7 in Conjurations
  3664 | D:4      | Found a runed translucent gate.
  3664 | D:4      | Found a runed translucent gate.
  3664 | D:4      | Found a runed translucent gate.
  3669 | D:4      | Noticed Gardakan's ghost (novice FoCA)
  3792 | D:5      | Entered Level 5 of the Dungeon
  3954 | D:5      | Reached skill level 1 in Hexes
  3954 | D:5      | Reached skill level 1 in Invocations
  4007 | D:5      | HP: 1/32 [ogre/+0 giant club (25)]
  4494 | D:5      | Reached skill level 1 in Evocations
  4818 | D:5      | Reached XP level 7. HP: 36/36 MP: 17/17
  5197 | D:5      | Reached * piety under Sif Muna
  5831 | D:6      | HP: 1/36 [bullfrog (4)]
  5832 | D:6      | Slain by a bullfrog

Illustrated notes

Levels and vault maps discovered:
D:1:      roderic_dead_forest, layout_loops_ring,
          shapermc_ecumenical_altar_notcrosses
D:2:      layout_loops_cross, basic_altar, serial_park_tiny_1,
          minmay_misc_feat_roman, chequers_mini_garden,
          grunt_decor_mini_mirrors, grunt_ministairs_8
D:3:      layout_rooms, mainiacjoe_overflow_brackets,
          mainiacjoe_overflow_six_doors_small, minmay_misc_feat_four_crosses
D:4:      layout_rooms, mainiacjoe_overflow_surrounded_room,
          minmay_temple_entry_butterflies, ebering_ghost_rock_garden
D:5:      layout_loops_ring
D:6:      layout_loops_ring, serial_glass, glass_columns_a, glass_columns_a,
          glass_columns_a, glass_columns_c, gammafunk_ghost_split,
          uniq_blork_the_orc
Temple:   kb_temple_of_zot

Skill      XL: |  1  2  3  4  5  6  7 |
---------------+----------------------+-----
Conjurations   | 5 6 7 |  7.6
Stealth        | 3 4 |  4.2
Spellcasting   | 4 5 6 |  6.4
Hexes          | 2 3 |  3.0
Invocations    | 1 2 |  2.0
Evocations     | 1 |  1.5
Dodging        | |  2.7

Action                     |  1- 3 |  4- 6 |  7- 9 || total
---------------------------+-------+-------+-------++-------
  Melee: Staff             |       |     4 |    10 ||    14
   Cast: Magic Dart        |    63 |   118 |    54 ||   235
         Searing Ray       |       |     1 |       ||     1
    Use: Scroll            |     5 |     5 |       ||    10
         Potion            |       |     1 |     1 ||     2
 Armour: Robe              |       |     1 |     3 ||     4
  Dodge: Dodged            |     1 |    14 |    12 ||    27

Table legend: (Time is in decaauts)
 A = Elapsed time spent in this place.
 B = Non-inter-level travel time spent in this place.
 C = Inter-level travel time spent in this place.
 D = Time resting spent in this place.
 E = Time spent auto-exploring this place.
 F = Levels seen in this place.
 G = Mean time per level.
                   A        B        C        D        E       F      G
               +--------+--------+--------+--------+--------+-----+--------+
         Total |   5834 |   5657 |    177 |   1145 |   3713 |   7 |  833.4 |
       Dungeon |   5716 |   5556 |    160 |   1145 |   3660 |   6 |  952.7 |
        Temple |    117 |    100 |     17 |      0 |     53 |   1 |  117.0 |
               +--------+--------+--------+--------+--------+-----+--------+

Top non-repeatable levels by time:
     D:5: 1832 daAuts
     D:1: 1156 daAuts
     D:4: 913 daAuts
     D:2: 862 daAuts
     D:3: 741 daAuts
     D:6: 209 daAuts
  Temple: 117 daAuts
